[Event "Titled Tuesday Blitz January 25 2022"]
[White "Timofeev, Artyom"]
[Black "Shevchenko, Kirill"]
[WhiteFideId "4140419"]
[BlackFideId "14129574"]
[WhiteElo "2583"]
[BlackElo "2624"]
[Result "0-1"]
[Round "08"]
[TimeControl "180+1"]
[Date "2022.01.26"]
[WhiteClock "0:00:06"]
[BlackClock "0:00:04"]

1. d4 Nf6 2. Nf3 c5 3. Bg5 cxd4 4. Bxf6 gxf6 5. Nxd4 Nc6 6. Nc3 d6 7. e3 f5 8. g3 Bg7 9. Qd2 O-O 10. Bg2 Ne5 11. Qe2 e6 12. f4 Nc6 13. O-O-O d5 14. Bf3 Nxd4 15. exd4 Qf6 16. Qe3 Kh8 17. h3 b5 18. g4 b4 19. Ne2 a5 20. Ng3 b3 21. axb3 a4 22. Nh5 Qe7 23. Nxg7 Kxg7 24. gxf5 axb3 25. Qxb3 Qh4 26. Qe3 exf5 27. Bxd5 Ra7 28. Rhg1+ Kh8 29. Qe5+ f6 30. Qe3 Rd8 31. c4 Bb7 32. Bxb7 Rxb7 33. d5 Rc8 34. Rd4 Rbb8 35. Qg3 Qh6 36. Qc3 Ra8 37. Kb1 Qh4 38. d6 Qf2 39. Rdd1 Rf8 40. d7 Qb6 41. c5 Qa6 42. c6 Qa1+ 43. Kc2 Qa4+ 44. Kd2 Qxf4+ 45. Qe3 Qd6+ 46. Ke2 Qxc6 47. Qe7 Qc4+ 48. Kf3 Qc6+ 49. Kf2 Qc2+ 50. Kf3 Qb3+ 51. Kf4 Ra4+ 52. Kxf5 Qf3+ 53. Ke6 Re4+ 54. Kd6 Qf4+ 55. Kc6 Rxe7 56. d8=Q Qc4+ 57. Kb6 Qb4+ 58. Kc6 Re6+ 59. Kc7 Qb6+ 60. Kc8 Rc6+ 61. Kd7 Qb7+ 62. Qc7 Qxc7# 0-1


[Site "https://www.chess.com"]

[Event "Titled Tuesday Blitz January 25 2022"]
[White "Tristan, Leonardo"]
[Black "Nazaretyan, Tigran"]
[WhiteFideId "113816"]
[BlackFideId "24162345"]
[WhiteElo "2404"]
[BlackElo "2192"]
[Result "0-1"]
[Round "08"]
[TimeControl "180+1"]
[Date "2022.01.26"]
[WhiteClock "0:00:13"]
[BlackClock "0:00:09"]

1. d4 Nf6 2. Nf3 g6 3. Bf4 d6 4. e3 Bg7 5. Be2 O-O 6. O-O Nbd7 7. h3 b6 8. Bh2 Bb7 9. a4 a5 10. Nbd2 Ne4 11. Nxe4 Bxe4 12. Nd2 Bb7 13. Bf3 Qc8 14. c3 e5 15. Qb3 Bxf3 16. Nxf3 Qb7 17. Rfd1 Rfe8 18. Rac1 Rab8 19. Qb5 c6 20. Qb3 d5 21. c4 dxc4 22. Qxc4 Rbc8 23. Ng5 Rf8 24. Ne4 Qb8 25. d5 cxd5 26. Qxd5 Rxc1 27. Rxc1 Nf6 28. Nxf6+ Bxf6 29. Bg3 Rd8 30. Qb5 h5 31. Rc6 Rd6 32. Rc4 Kg7 33. Kh2 Rd2 34. h4 Qd6 35. Rc6 Qe7 36. Rxb6 Bxh4 37. Qxe5+ Qxe5 38. Bxe5+ f6 39. Rb7+ Kh6 40. Bg3 Bxg3+ 41. Kxg3 h4+ 42. Kh3 Rxf2 43. Rb5 g5 44. e4 Kh5 45. g4+ Kg6 46. Rb6 Rf3+ 47. Kg2 Rg3+ 48. Kh2 Rxg4 49. e5 Rf4 50. b4 axb4 51. a5 b3 52. a6 b2 53. a7 Ra4 54. Rxf6+ Kh5 55. Rb6 Rxa7 56. Rxb2 Re7 57. Re2 g4 58. e6 Kg5 59. Re5+ Kf6 60. Re4 Kf5 61. Ra4 Rxe6 62. Ra5+ Re5 63. Ra7 Re2+ 64. Kg1 Kf4 65. Ra4+ Re4 66. Ra3 Re3 67. Ra4+ Kg3 68. Ra1 Ra3 69. Kh1 Rxa1# 0-1


[Site "https://www.chess.com"]

[Event "Titled Tuesday Blitz January 25 2022"]
[White "Tsyhanchuk, Stanislav"]
[Black "Avazkhonov, Alikhon"]
[WhiteFideId "13505130"]
[BlackFideId "14208504"]
[WhiteElo "2078"]
[BlackElo "1739"]
[Result "1-0"]
[Round "08"]
[TimeControl "180+1"]
[Date "2022.01.26"]
[WhiteClock "0:00:11"]
[BlackClock "0:00:04"]

1. e4 c6 2. d4 d5 3. e5 c5 4. dxc5 e6 5. Bd3 Nd7 6. Nf3 Nxc5 7. Be2 Ne7 8. c3 Nc6 9. O-O Be7 10. Bf4 g5 11. Bg3 g4 12. Nd4 h5 13. Nxc6 bxc6 14. b4 Ne4 15. Bd3 Nxg3 16. fxg3 c5 17. a3 c4 18. Bc2 Bg5 19. Qe2 Qb6+ 20. Kh1 Qe3 21. Qxe3 Bxe3 22. a4 a5 23. bxa5 Rxa5 24. Na3 Bd7 25. Nb5 O-O 26. Nd6 Bc6 27. Rab1 Bc5 28. Rf6 Bxd6 29. exd6 Kg7 30. Rf2 Bxa4 31. Ra1 Rfa8 32. Bxa4 Rxa4 33. Raf1 R4a7 34. h3 Rd8 35. hxg4 hxg4 36. Rf4 f5 37. Re1 Rxd6 38. Rf2 Kf6 39. Rb2 e5 40. Rb8 Rf7 41. Rh8 Re6 42. Rh6+ Ke7 43. Rh8 Kf6 44. Kg1 Kg6 45. Kf2 Rd7 46. Reh1 Rf6 47. R1h6+ Kf7 48. R8h7+ Ke6 49. Rxf6+ Kxf6 50. Rxd7 Ke6 51. Rd8 Ke7 52. Rxd5 Ke6 53. Rc5 Kd6 54. Rxc4 Kd5 55. Ra4 Kc5 56. Ke3 Kb5 57. Ra8 Kc5 58. Re8 1-0


[Site "https://www.chess.com"]

[Event "Titled Tuesday Blitz January 25 2022"]
[White "Tymrakiewicz, Rafal"]
[Black "Padmini, Rout"]
[WhiteFideId "1108832"]
[BlackFideId "5029295"]
[WhiteElo "2205"]
[BlackElo "2181"]
[Result "1-0"]
[Round "08"]
[TimeControl "180+1"]
[Date "2022.01.26"]
[WhiteClock "0:00:09"]
[BlackClock "0:00:04"]

1. e4 c5 2. c3 g6 3. d4 Bg7 4. Nf3 d5 5. dxc5 Nf6 6. exd5 O-O 7. Bc4 Nbd7 8. Be3 Ne4 9. O-O Ndxc5 10. Re1 Bd7 11. Bd4 b5 12. Bxg7 Kxg7 13. Bf1 Nf6 14. Qd4 Na4 15. b3 Nb6 16. c4 bxc4 17. bxc4 Rc8 18. Nbd2 Na4 19. Ne4 Qb6 20. Nxf6 exf6 21. Rab1 Qxd4 22. Nxd4 Nb6 23. Rb4 Rfe8 24. Re3 f5 25. g3 Kf6 26. Ra3 Re1 27. Rxa7 Nxc4 28. Nf3 Rxf1+ 29. Kxf1 Be8 30. Nd4 Nd2+ 31. Ke2 Ne4 32. f3 Nc3+ 33. Kf2 Nxd5 34. Rb2 Rc3 35. Ne2 Rd3 36. Rbb7 Ne3 37. Re7 Nd1+ 38. Ke1 Bb5 39. Rxf7+ Kg5 40. h4+ Kh6 41. Rxh7# 1-0


[Site "https://www.chess.com"]

[Event "Titled Tuesday Blitz January 25 2022"]
[White "Villegas, Pierre"]
[Black "Havanecz, Bianka"]
[WhiteFideId "654183"]
[BlackFideId "704814"]
[WhiteElo "2410"]
[BlackElo "2375"]
[Result "0-1"]
[Round "08"]
[TimeControl "180+1"]
[Date "2022.01.26"]
[WhiteClock "0:00:11"]
[BlackClock "0:00:47"]

1. c4 c5 2. Nf3 Nc6 3. b3 Nf6 4. Bb2 e6 5. g3 Be7 6. Bg2 O-O 7. O-O d5 8. cxd5 exd5 9. d4 c4 10. Ne5 Bd7 11. bxc4 dxc4 12. Nxc4 Rc8 13. Ne5 Qb6 14. Nxc6 Bxc6 15. Qb3 Bxg2 16. Kxg2 Qxb3 17. axb3 Rc2 18. Ba3 Bxa3 19. Rxa3 a6 20. Kf3 Rfc8 21. Rd1 Rb2 22. Nd2 Rc3+ 23. Kg2 Kf8 24. Nc4 Rxe2 25. Ne3 Rcxe3 0-1


[Site "https://www.chess.com"]

[Event "Titled Tuesday Blitz January 25 2022"]
[White "Wagner, Dennis"]
[Black "Pajeken, Jakob Leon"]
[WhiteFideId "24650684"]
[BlackFideId "12942839"]
[WhiteElo "2355"]
[BlackElo "2351"]
[Result "1-0"]
[Round "08"]
[TimeControl "180+1"]
[Date "2022.01.26"]
[WhiteClock "0:00:47"]
[BlackClock "0:00:40"]

1. d4 d5 2. c4 dxc4 3. Nf3 Nf6 4. e3 e6 5. Bxc4 c5 6. O-O Nc6 7. Nc3 a6 8. dxc5 Qxd1 9. Rxd1 Bxc5 10. Nd2 b5 11. Be2 Bb7 12. Nb3 Be7 13. f3 O-O 14. e4 Rfd8 15. Be3 Nd7 16. Kf2 Nde5 17. Nc5 Bxc5 18. Bxc5 Nc4 19. b3 Nb2 20. Rxd8+ Rxd8 21. Ke3 b4 22. Nd1 Nxd1+ 23. Rxd1 Rxd1 24. Bxd1 f5 25. exf5 exf5 26. Kf4 g6 27. Be2 Kg7 28. h4 Kf6 29. g4 Nd8 30. g5+ Ke6 31. Bxb4 Kd5 32. Bc4+ Kd4 33. Be7 Nc6 34. Bf6+ Kc5 35. Bg8 Nb4 36. Be7+ 1-0


[Site "https://www.chess.com"]

[Event "Titled Tuesday Blitz January 25 2022"]
[White "Weetik, Vjacheslav"]
[Black "Vlassov, Nikolai"]
[WhiteFideId "4153472"]
[BlackFideId "4103360"]
[WhiteElo "2469"]
[BlackElo "2407"]
[Result "0-1"]
[Round "08"]
[TimeControl "180+1"]
[Date "2022.01.26"]
[WhiteClock "0:00:01"]
[BlackClock "0:00:37"]

1. Nf3 c5 2. c3 g6 3. d4 d5 4. g3 Bg7 5. Bg2 Nc6 6. dxc5 a5 7. a4 Nf6 8. O-O O-O 9. Nbd2 e5 10. Nb3 h6 11. h3 Qe7 12. Be3 Be6 13. Ne1 Ne4 14. Nd3 f5 15. Nd2 g5 16. Nf3 Kh8 17. Bc1 Nxc5 18. Nxc5 Qxc5 19. Qb3 Rf7 20. Qb5 Qe7 21. Be3 Qf6 22. Bc5 h5 23. h4 gxh4 24. Nxh4 f4 25. Rad1 Rd8 26. Qb6 Rdd7 27. b4 axb4 28. cxb4 e4 29. b5 Ne5 30. Bd4 Qg5 31. Qxe6 Kh7 32. Qh3 f3 33. exf3 exf3 34. Bxe5 fxg2 35. Nxg2 Qxe5 36. Nf4 Rf5 0-1


[Site "https://www.chess.com"]

[Event "Titled Tuesday Blitz January 25 2022"]
[White "Williams, Simon K"]
[Black "Przybylski, Wojciech"]
[WhiteFideId "404454"]
[BlackFideId "1117599"]
[WhiteElo "2468"]
[BlackElo "2133"]
[Result "0-1"]
[Round "08"]
[TimeControl "180+1"]
[Date "2022.01.26"]
[WhiteClock "0:00:12"]
[BlackClock "0:00:03"]

1. e4 e5 2. f4 Nc6 3. Nf3 d5 4. exd5 Qxd5 5. Nc3 Qa5 6. fxe5 Nxe5 7. d4 Ng4 8. Bc4 Bd6 9. O-O N4f6 10. Nb5 Qb6 11. Qe2+ Ne7 12. Ng5 O-O 13. c3 Bg4 14. Qf2 Bh5 15. Qh4 Bg6 16. Nxd6 Qxd6 17. Bf4 Qc6 18. Bb3 h6 19. Nf3 Nf5 20. Qh3 Bh7 21. Ne5 Qb6 22. Rae1 c5 23. Kh1 cxd4 24. c4 Rad8 25. Bd2 Qc5 26. Rxf5 Bxf5 27. Qxf5 Rfe8 28. Bf4 d3 29. Rd1 d2 30. Bc2 Qf2 31. h3 Qe2 32. Ng4 Nxg4 33. hxg4 g6 34. Qf6 Qxg4 35. Bxh6 Qh5+ 36. Kg1 Qxh6 37. c5 Qe3+ 38. Kh1 Qh6+ 39. Kg1 Qe3+ 40. Kf1 Qe5 41. Qf2 Qd5 42. Bb3 Qd4 43. Qxf7+ Kh8 44. Rxd2 Qg7 45. Qxg7+ Kxg7 46. Rf2 Rf8 47. Rxf8 Rxf8+ 48. Ke2 Rf5 49. Bc4 Rxc5 50. Kd3 Rg5 0-1


[Site "https://www.chess.com"]

[Event "Titled Tuesday Blitz January 25 2022"]
[White "Yaksin, Oleg"]
[Black "Efimenko, Zahar"]
[WhiteFideId "24105880"]
[BlackFideId "14107201"]
[WhiteElo "2256"]
[BlackElo "2528"]
[Result "1-0"]
[Round "08"]
[TimeControl "180+1"]
[Date "2022.01.26"]
[WhiteClock "0:00:31"]
[BlackClock "0:00:09"]

1. d4 d6 2. c4 e5 3. dxe5 dxe5 4. Qxd8+ Kxd8 5. Nc3 Be6 6. b3 Nd7 7. Bb2 c6 8. g3 f6 9. Bh3 Bxh3 10. Nxh3 Kc7 11. O-O-O Nh6 12. f3 Be7 13. Nf2 Rhd8 14. g4 Nf7 15. h4 Bc5 16. Nfe4 Bd4 17. h5 a5 18. Kc2 h6 19. Ng3 Nf8 20. Nf5 Ne6 21. Ne4 a4 22. b4 Nfg5 23. Nxg5 fxg5 24. e3 Bxb2 25. Kxb2 c5 26. b5 b6 27. Kc2 Kb7 28. Rxd8 Rxd8 29. Rd1 Kc7 30. Rxd8 Kxd8 31. Kd3 1-0


[Site "https://www.chess.com"]

[Event "Titled Tuesday Blitz January 25 2022"]
[White "Yang, Kaiqi"]
[Black "Pandey Srishti"]
[WhiteFideId "8604398"]
[BlackFideId "35093290"]
[WhiteElo "2373"]
[BlackElo "1832"]
[Result "1-0"]
[Round "08"]
[TimeControl "180+1"]
[Date "2022.01.26"]
[WhiteClock "0:00:06"]
[BlackClock "0:00:29"]

1. c4 e6 2. g3 d5 3. d4 c6 4. Nf3 Nf6 5. Bg2 Bb4+ 6. Nc3 O-O 7. O-O Bxc3 8. bxc3 Ne4 9. Qc2 f5 10. a4 b6 11. Ne5 Ba6 12. Rd1 Qc8 13. a5 Nd7 14. Ba3 Rf6 15. f3 Ng5 16. Be7 Nxe5 17. Bxf6 gxf6 18. dxe5 fxe5 19. axb6 axb6 20. f4 exf4 21. gxf4 Ne4 22. Bxe4 fxe4 23. Kf2 Bxc4 24. Rg1+ Kf7 25. Rxa8 Qxa8 26. Qd2 c5 27. f5 Qf8 28. Qf4 exf5 29. Qc7+ Ke6 30. Qxh7 d4 31. Rg6+ Ke5 32. Qc7+ Kd5 33. Qc6+ Ke5 34. cxd4+ Kxd4 35. Qxb6 e3+ 36. Kf3 Bd5+ 37. Kf4 Qe7 38. Qb2+ Kc4 39. Qc2+ Kd4 40. Qxf5 Qh4+ 41. Rg4 Qh6+ 42. Kg3+ Kc3 43. Qxd5 Qb6 44. Qc4+ Kd2 45. Rg5 Qd6+ 46. Qf4 Qe6 47. Re5 Qg8+ 48. Kf3 Qg1 49. Qxe3+ Qxe3+ 50. Rxe3 c4 51. h4 c3 52. Rxc3 Kxc3 53. h5 1-0


[Site "https://www.chess.com"]

[Event "Titled Tuesday Blitz January 25 2022"]
[White "Yurovskykh, Oleksandr"]
[Black "Andrejevs, Arvids"]
[WhiteFideId "14134020"]
[BlackFideId "11602708"]
[WhiteElo "2292"]
[BlackElo "2272"]
[Result "1-0"]
[Round "08"]
[TimeControl "180+1"]
[Date "2022.01.26"]
[WhiteClock "0:00:52"]
[BlackClock "0:00:10"]

1. d4 d5 2. Bf4 Nf6 3. e3 e6 4. Nd2 c5 5. c3 Nc6 6. Ngf3 Be7 7. Bd3 b6 8. Qa4 Bd7 9. Qc2 h6 10. h3 O-O 11. O-O Re8 12. Ne5 Nxe5 13. dxe5 Nh5 14. Bh2 g6 15. e4 Bc6 16. Rad1 Qc7 17. exd5 Bxd5 18. c4 Bc6 19. Bxg6 fxg6 20. Qxg6+ Ng7 21. Qxh6 Bf8 22. Qg5 Rad8 23. f3 Qe7 24. Qg4 Qd7 25. Ne4 Qxd1 26. Nf6+ Kf7 27. Rxd1 Rxd1+ 28. Kf2 Red8 29. Bf4 Be7 30. h4 Bxf6 31. exf6 Nf5 32. h5 R8d4 33. Qg6+ Kf8 34. Bh6+ Nxh6 35. Qg7+ 1-0


[Site "https://www.chess.com"]

[Event "Titled Tuesday Blitz January 25 2022"]
[White "Zakhartsov, Vladimir"]
[Black "Svane, Frederik"]
[WhiteFideId "4145097"]
[BlackFideId "12923044"]
[WhiteElo "2432"]
[BlackElo "2459"]
[Result "0-1"]
[Round "08"]
[TimeControl "180+1"]
[Date "2022.01.26"]
[WhiteClock "0:00:04"]
[BlackClock "0:00:11"]

1. d4 Nf6 2. c4 e6 3. Nf3 d5 4. g3 Bb4+ 5. Bd2 Be7 6. Bg2 O-O 7. O-O c6 8. Qc2 b6 9. b3 Nbd7 10. Bc3 Bb7 11. Nbd2 Rc8 12. Qb2 Re8 13. Rfd1 Bf8 14. e3 c5 15. Ne5 cxd4 16. Bxd4 Nc5 17. Ndf3 Qe7 18. Ng5 dxc4 19. bxc4 Bxg2 20. Kxg2 Qb7+ 21. Kg1 Rc7 22. a4 h6 23. Ngf3 Nfe4 24. Qe2 Nb3 25. Rab1 Nxd4 26. exd4 Nc3 27. Qd3 Nxb1 28. Rxb1 Qa6 29. Qd1 f6 30. Nd3 Rxc4 31. Nf4 Qb7 32. Qb3 Qc6 33. Qd1 Rc8 34. Qe2 Rc1+ 35. Rxc1 Qxc1+ 36. Kg2 Qc6 37. h4 g5 38. d5 exd5 39. Ng6 Qe8 40. Qd3 Qe4 41. Qa6 Rc3 42. Ne5 fxe5 0-1


[Site "https://www.chess.com"]

[Event "Titled Tuesday Blitz January 25 2022"]
[White "Zarubitski, Viachaslau"]
[Black "Andreikin, Dmitry"]
[WhiteFideId "13509373"]
[BlackFideId "4158814"]
[WhiteElo "2805"]
[BlackElo "3010"]
[Result "0-1"]
[Round "08"]
[TimeControl "180+1"]
[Date "2022.01.26"]
[WhiteClock "0:00:02"]
[BlackClock "0:00:14"]

1. d4 d5 2. c4 c6 3. Nf3 Nf6 4. Nc3 a6 5. c5 Bf5 6. Qb3 Qc8 7. Bf4 g6 8. h3 Bg7 9. e3 O-O 10. Be2 Nbd7 11. O-O Ne4 12. Rac1 Re8 13. Na4 f6 14. Bh2 e5 15. Rfd1 Be6 16. Nd2 Nxd2 17. Rxd2 e4 18. Bd6 f5 19. Qc3 Bf8 20. Bxf8 Rxf8 21. f4 exf3 22. Bxf3 Qc7 23. b4 Rae8 24. Nb2 f4 25. Re2 Nf6 26. exf4 Qxf4 27. Nd3 Qh4 28. Qe1 Qxd4+ 29. Nf2 Bf5 30. Rd1 Rxe2 31. Bxe2 Qb2 32. Bd3 Re8 33. Qf1 Qxb4 34. Bxf5 gxf5 35. Nd3 Qe4 36. Kh2 Qe2 37. Qg1 Qe3 38. Qf1 Qe2 39. Qg1 Ne4 40. a4 a5 41. Nf4 Qb2 42. Nd3 Qg7 43. Qe3 Kh8 44. Qf4 Rg8 45. Rd2 Nxd2 46. Qxd2 Qg3+ 47. Kh1 Re8 48. Qb2+ Kg8 49. Qd2 f4 50. Nf2 Qe3 51. Qb2 Qe1+ 52. Kh2 Qe5 53. Qxb7 f3+ 54. g3 Qe2 0-1


[Site "https://www.chess.com"]

[Event "Titled Tuesday Blitz January 25 2022"]
[White "Zelbel, Patrick"]
[Black "Zhukova, Natalia"]
[WhiteFideId "24624322"]
[BlackFideId "14101513"]
[WhiteElo "2493"]
[BlackElo "2296"]
[Result "1-0"]
[Round "08"]
[TimeControl "180+1"]
[Date "2022.01.26"]
[WhiteClock "0:00:47"]
[BlackClock "0:00:07"]

1. e4 e5 2. f4 Nc6 3. Nf3 exf4 4. Nc3 Nge7 5. d4 d5 6. exd5 Nxd5 7. Nxd5 Qxd5 8. Bxf4 Bf5 9. c3 O-O-O 10. Be2 Qe4 11. Qd2 Re8 12. Kf2 f6 13. Rhe1 Qd5 14. Bc4 Qd7 15. Rxe8+ Qxe8 16. Bxc7 Kxc7 17. Qf4+ Bd6 18. Qxf5 Qg6 19. Qxg6 hxg6 20. h3 g5 21. Nd2 f5 22. Re1 g4 23. hxg4 fxg4 24. Be6 g3+ 25. Ke2 Ne7 26. Rf1 Ng6 27. Rf7+ Kc6 28. Bf5 Nf4+ 29. Kf3 b5 30. Be4+ Kb6 31. a4 Rh1 32. Rb7+ Ka5 33. b3 a6 34. Bc6 Rd1 35. Nc4+ bxc4 36. b4+ Bxb4 37. cxb4# 1-0


[Site "https://www.chess.com"]

[Event "Titled Tuesday Blitz January 25 2022"]
[White "Zhigalko, Sergei"]
[Black "Sviridov, Valery"]
[WhiteFideId "13502956"]
[BlackFideId "4120680"]
[WhiteElo "2876"]
[BlackElo "2971"]
[Result "1/2-1/2"]
[Round "08"]
[TimeControl "180+1"]
[Date "2022.01.26"]
[WhiteClock "0:01:42"]
[BlackClock "0:01:55"]

1. e4 Nf6 2. e5 Nd5 3. Nf3 d6 4. d4 dxe5 5. Nxe5 c6 6. Be2 Nd7 7. Nf3 N7f6 8. O-O Bg4 9. c4 Nb6 10. Nbd2 e6 11. b3 Be7 12. Bb2 O-O 13. h3 Bh5 14. Ne5 Bxe2 15. Qxe2 Qc7 16. Ndf3 Rad8 17. Rad1 Nbd7 18. Nd3 Rfe8 19. Rfe1 Qa5 20. Qc2 Bf8 21. Nfe5 Nxe5 22. Rxe5 Qc7 23. Re3 Nd7 24. Rde1 g6 25. Qe2 Bh6 26. Rf3 Bg7 27. Re3 Bh6 28. Rf3 Bg7 29. Re3 Bh6 1/2-1/2


[Site "https://www.chess.com"]

[Event "Titled Tuesday Blitz January 25 2022"]
[White "Andreikin, Dmitry"]
[Black "Martinez Alcantara, Jose Eduardo"]
[WhiteFideId "4158814"]
[BlackFideId "3805662"]
[WhiteElo "2736"]
[BlackElo "2690"]
[Result "1/2-1/2"]
[Round "09"]
[TimeControl "180+1"]
[Date "2022.01.26"]
[WhiteClock "0:00:57"]
[BlackClock "0:01:02"]

1. d4 d5 2. c4 dxc4 3. e3 Nf6 4. Bxc4 e6 5. Nf3 a6 6. O-O c5 7. dxc5 Qxd1 8. Rxd1 Bxc5 9. b3 O-O 10. Bb2 Nbd7 11. Be2 b5 12. a4 bxa4 13. Rxa4 Bb7 14. Nbd2 Rfb8 15. Rda1 Be7 16. Bxa6 Bxf3 17. gxf3 Nc5 18. R4a2 Nxb3 19. Nxb3 Rxb3 20. Bc4 Rxa2 21. Rxa2 Rb8 22. Kg2 Kf8 23. Be5 Rc8 24. Ba6 Ra8 25. Bxf6 Bxf6 26. Bc4 Rxa2 27. Bxa2 1/2-1/2


[Site "https://www.chess.com"]

[Event "Titled Tuesday Blitz January 25 2022"]
[White "Arabidze, Meri"]
[Black "Ogloblin, Nikolay"]
[WhiteFideId "13604040"]
[BlackFideId "4139658"]
[WhiteElo "2329"]
[BlackElo "2306"]
[Result "1-0"]
[Round "09"]
[TimeControl "180+1"]
[Date "2022.01.26"]
[WhiteClock "0:00:14"]
[BlackClock "0:00:29"]

1. Nf3 Nf6 2. d4 e6 3. c4 b6 4. g3 Bb4+ 5. Nbd2 Bb7 6. Bg2 O-O 7. O-O Bxd2 8. Bxd2 Be4 9. b4 d6 10. Qb3 Nbd7 11. a4 Qc8 12. a5 Qb7 13. Rfc1 a6 14. axb6 cxb6 15. Bh3 b5 16. c5 Bd5 17. Qa3 Ne4 18. Be1 dxc5 19. dxc5 f5 20. Nd4 Ng5 21. Bf1 Ne5 22. f4 Nc4 23. Rxc4 bxc4 24. fxg5 e5 25. Nc2 f4 26. Qc3 Qc7 27. Rd1 Rad8 28. e4 fxe3 29. Nxe3 Bf7 30. Rxd8 Rxd8 31. Bxc4 Rd4 32. Bxf7+ Qxf7 33. Bf2 Qf3 34. c6 Qf8 35. Kg2 Qc8 36. Qb3+ Kh8 37. b5 axb5 38. Qxb5 Qc7 39. Nd5 Qd6 40. Bxd4 exd4 41. c7 1-0


[Site "https://www.chess.com"]

[Event "Titled Tuesday Blitz January 25 2022"]
[White "Artemenko, Oleg"]
[Black "Eljanov, Pavel"]
[WhiteFideId "14201798"]
[BlackFideId "14102951"]
[WhiteElo "2287"]
[BlackElo "2601"]
[Result "0-1"]
[Round "09"]
[TimeControl "180+1"]
[Date "2022.01.26"]
[WhiteClock "0:01:02"]
[BlackClock "0:00:42"]

1. d4 d5 2. Nc3 Nf6 3. Bf4 e6 4. Nb5 Na6 5. e3 c6 6. Nc3 Nc7 7. g4 Bb4 8. Bg2 Nb5 9. Ne2 Nxg4 10. a3 Nxc3 11. bxc3 Bd6 12. Qd2 O-O 13. Bf3 e5 14. dxe5 Nxe5 15. Bxe5 Bxe5 16. Rd1 Qa5 17. e4 dxe4 18. Bxe4 Be6 19. Qd3 g6 20. O-O Rad8 21. Qe3 Bc4 22. Rfe1 Rxd1 23. Rxd1 Bxe2 24. Qxe2 Re8 25. Kg2 Bxc3 26. Qc4 Re7 27. Bf3 Kg7 28. a4 Bf6 29. Rb1 a6 30. Rb3 Qg5+ 31. Qg4 Qxg4+ 32. Bxg4 b5 33. axb5 cxb5 34. Ra3 Ra7 35. Be2 Be7 36. Ra2 Bc5 37. c4 b4 38. Ra5 Bb6 39. Ra4 a5 40. Kf3 Kf6 41. Ke4 Bxf2 42. Kd5 Rd7+ 43. Kc6 Rd2 44. Bf1 b3 45. Rxa5 b2 46. Rb5 Rd1 0-1


[Site "https://www.chess.com"]

[Event "Titled Tuesday Blitz January 25 2022"]
[White "Aukhatov, Roman"]
[Black "Yaniuk, Volodymyr"]
[WhiteFideId "44150768"]
[BlackFideId "14133083"]
[WhiteElo "2112"]
[BlackElo "2207"]
[Result "0-1"]
[Round "09"]
[TimeControl "180+1"]
[Date "2022.01.26"]
[WhiteClock "0:00:02"]
[BlackClock "0:01:43"]

1. Nf3 d5 2. d4 Nf6 3. c4 e6 4. g3 dxc4 5. Bg2 Bd7 6. O-O Bc6 7. Qc2 b5 8. a4 a6 9. Nc3 Nbd7 10. Rd1 Bb4 11. Na2 Be4 12. Qxe4 Nxe4 13. Nxb4 O-O 14. Nc6 Qe8 15. Nfe5 Nxe5 16. Nxe5 Nd6 17. axb5 Qxb5 18. Bxa8 Rxa8 19. f3 h5 20. e4 f6 21. Ng6 Qb3 22. Kg2 Qxd1 23. Ne7+ Kf7 0-1


[Site "https://www.chess.com"]

[Event "Titled Tuesday Blitz January 25 2022"]
[White "Bambino Filho, Antonio Carlos"]
[Black "Kim, Sergey"]
[WhiteFideId "2113163"]
[BlackFideId "13700570"]
[WhiteElo "2445"]
[BlackElo "2612"]
[Result "1/2-1/2"]
[Round "09"]
[TimeControl "180+1"]
[Date "2022.01.26"]
[WhiteClock "0:00:26"]
[BlackClock "0:01:07"]

1. d4 Nf6 2. c4 g6 3. Nc3 Bg7 4. e4 d6 5. Be2 O-O 6. Bg5 Nbd7 7. Qd2 a6 8. f3 c5 9. d5 b5 10. cxb5 axb5 11. Bxb5 Ba6 12. Nge2 Ne5 13. Bxa6 Rxa6 14. O-O Qb6 15. Rab1 Rb8 16. b3 Qa5 17. h3 c4 18. bxc4 Rc8 19. Rb5 Qc7 20. c5 dxc5 21. Rfb1 Ra7 22. Qc2 Nh5 23. Be3 Nd7 24. R5b3 Qa5 25. Rb5 Qc7 26. Na4 Rca8 27. Nac3 Rc8 1/2-1/2


[Site "https://www.chess.com"]

[Event "Titled Tuesday Blitz January 25 2022"]
[White "Belyakov, Bogdan"]
[Black "Martin Carmona, Gaston Manuel"]
[WhiteFideId "24104795"]
[BlackFideId "22284567"]
[WhiteElo "2407"]
[BlackElo "2161"]
[Result "1-0"]
[Round "09"]
[TimeControl "180+1"]
[Date "2022.01.26"]
[WhiteClock "0:01:17"]
[BlackClock "0:00:18"]

1. e4 e6 2. d4 d5 3. Nc3 Bb4 4. a3 Bxc3+ 5. bxc3 dxe4 6. f3 c5 7. Qd2 Nc6 8. Bb2 Nf6 9. O-O-O O-O 10. Qg5 cxd4 11. cxd4 Qd5 12. h4 h6 13. Qg3 b5 14. Ne2 b4 15. Nf4 Qf5 16. d5 exd5 17. Nxd5 Nh5 18. Qc7 Bd7 19. fxe4 Qg4 20. Re1 Rac8 21. Qd6 bxa3 22. Qxa3 Ng3 23. Rh3 Nxf1 24. Rxf1 Qxe4 25. Rg3 g6 26. Nf6+ 1-0


[Site "https://www.chess.com"]

[Event "Titled Tuesday Blitz January 25 2022"]
[White "Ben Artzi, Ido"]
[Black "Belov, Vladimir"]
[WhiteFideId "2810913"]
[BlackFideId "4132394"]
[WhiteElo "2244"]
[BlackElo "2501"]
[Result "1/2-1/2"]
[Round "09"]
[TimeControl "180+1"]
[Date "2022.01.26"]
[WhiteClock "0:00:04"]
[BlackClock "0:00:03"]

1. d4 Nf6 2. c4 g6 3. Nc3 d5 4. Nf3 Bg7 5. cxd5 Nxd5 6. Na4 Nf6 7. Nc3 Nd5 8. Na4 Nf6 9. Bf4 O-O 10. e3 b6 11. Rc1 Nd5 12. Bg3 Bb7 13. Be2 Nd7 14. O-O c5 15. dxc5 Nxc5 16. Nxc5 bxc5 17. Rxc5 a6 18. Qb3 Qb6 19. Qxb6 Nxb6 20. Rc7 Bd5 21. b3 e6 22. Rfc1 a5 23. Bd6 Rfd8 24. Bc5 Rdb8 25. Ng5 a4 26. Bxb6 Rxb6 27. Rc8+ Rxc8 28. Rxc8+ Bf8 29. bxa4 Rb2 30. Bf1 Rxa2 31. Nxh7 Kxh7 32. Rxf8 Kg7 33. Rc8 Ra1 34. f3 Bb7 35. Rc2 Ba6 36. Rf2 Rxa4 37. Bxa6 Rxa6 38. e4 Ra1+ 39. Rf1 Ra2 40. Rf2 Ra1+ 41. Rf1 Ra2 42. h3 g5 43. Kh2 f5 44. Kg3 f4+ 45. Kh2 Kf6 46. Rg1 Rb2 47. Rc1 Ra2 48. Rc5 Rb2 49. h4 gxh4 50. Rh5 e5 51. Rxh4 Ra2 52. Rg4 Rb2 53. Kh3 Ra2 54. Rg8 Rb2 55. Rf8+ Ke6 56. Rf5 Ra2 57. Rh5 Rb2 58. Rh6+ Kf7 59. Rd6 Ke7 60. Rd1 Kf6 61. Rg1 Kg5 62. Rd1 Rb8 63. Kh2 Rb6 64. Kg1 Kf6 65. Rd5 Rb1+ 66. Kh2 Ke6 67. Kh3 Rh1+ 68. Kg4 Rh2 69. Rd2 Rh8 70. Rc2 Rg8+ 71. Kh3 Rh8+ 72. Kg4 Rg8+ 73. Kh5 Rh8+ 74. Kg6 Rg8+ 75. Kh6 Rh8+ 76. Kg7 Rh2 77. Rd2 Rh1 78. Kg6 Rh8 79. Kg7 Rh2 80. Kg6 Rh8 81. Kg7 Rh2 82. Ra2 Rh5 83. Ra6+ Ke7 84. Rg6 Rh1 85. Rg5 Ke6 86. Kf8 Rh8+ 87. Kg7 Ra8 88. Rg6+ Ke7 89. Rg5 Ke6 90. Rg6+ Ke7 91. Kh6 Ra2 92. Rg4 Kf6 93. Rg6+ Kf7 94. Rg5 Kf6 95. Rf5+ Ke6 96. Rg5 Kf6 97. Rg6+ Kf7 98. Kh5 Ra1 99. Rg4 Kf6 100. Rh4 Rg1 101. Rh2 1/2-1/2


[Site "https://www.chess.com"]